 Dungeon Crawl Stone Soup version 0.19-a0-994-g3c636f0 (webtiles) character file.

86 Gorice the Grave Robber (level 4, -7/36 HPs)
             Began as a Demonspawn Necromancer on July 16, 2016.
             Mangled by an unseen horror (8 damage)
             ... on level 6 of the Dungeon.
             The game lasted 00:10:40 (2660 turns).

Gorice the Grave Robber (Demonspawn Necromancer)    Turns: 2660, Time: 00:10:41

Health: -7/36      AC:  7    Str:  9    XL:     4   Next: 27%
Magic:  7/7        EV: 10    Int: 17    God:
Gold:   50         SH:  0    Dex: 13    Spells: 1 memorised, 6 levels left

rFire  + . .     SeeInvis .     l - -1 spear (curse)
rCold  . . .     Gourm    .     n - +0 ring mail
rNeg   . . .     Faith    .     (no shield)
rPois  .         Spirit   .     (no helmet)
rElec  .         Dismiss  .     (no cloak)
rCorr  .         Reflect  .     (no gloves)
SustAt .         Harm     .     r - +0 pair of boots
MR     .....     Rnd*Tele +     (no amulet)
Stlth  +.........               p - ring of protection from fire
                                s - ring of teleportation (curse)

@: not resistant to hostile enchantments, very unstealthy
A: talons 1, rugged brown scales 1
a: no special abilities


You were on level 6 of the Dungeon.
You were not hungry.

You visited 1 branch of the dungeon, and saw 4 of its levels.

You collected 50 gold pieces.

Inventory:

Hand Weapons
 e - a +0 whip
 g - a +0 short sword
 l - a cursed -1 spear (weapon)
 q - a +1 antimagic dagger
   (You took it off a goblin on level 2 of the Dungeon)
Missiles
 h - 50 sling bullets
 Z - 71 stones (quivered)
Armour
 a - a +0 robe
 i - a +0 scale mail
 n - a +0 ring mail (worn)
 r - a +0 pair of boots (worn)
Jewellery
 m - a +3 ring of strength
 p - a ring of protection from fire (right hand)
 s - a cursed ring of teleportation (left hand)
Scrolls
 d - 4 scrolls of identify
 j - a scroll of recharging
Potions
 o - 2 potions of haste {!q}
Books
 b - a book of Necromancy
Comestibles
 c - 2 bread rations {!e}
 f - a chunk of flesh
 k - 2 meat rations {!e}


   Skills:
 + Level 3.5 Fighting
 + Level 1.2 Armour
 - Level 1.7 Dodging
 - Level 1.7 Stealth
 - Level 2.0 Spellcasting
 + Level 4.4 Necromancy


You had 6 spell levels left.
You knew the following spells:

 Your Spells              Type           Power        Failure   Level  Hunger
a - Pain                  Necr           ###.         12%         1    #......


Dungeon Overview and Level Annotations

Branches:
Dungeon (3/15)

Altars:
Vehumet


Innate Abilities, Weirdness & Mutations

You have sharp toenails.
You are partially covered in rugged brown scales. (AC +1, +3% HP)


Message History

You kill the dart slug!
No target in view!
Found a dagger.
Z - 71 stones (gained 25)
Found a dart slug corpse.
Found a radiant altar of Vehumet.
Found a meat ration.
Really walk into a travel-excluded area?
k - 2 meat rations {!e} (gained 1) Really walk into a travel-excluded area? [Y]es or [N]o only, please.
Really walk into a travel-excluded area?
Okay, then.
Unknown command.
You fall through a shaft for 3 floors!
The shaft crumbles and collapses.
Unknown command.
Unknown command.
Unknown command.
Found a stone staircase leading down.
Magic restored.
HP restored.
j - a scroll of recharging You are suddenly yanked towards a nearby monster!
Your surroundings suddenly seem different.
Something hits you!
Deactivating autopickup; reactivate with Ctrl-A.
Damage: 8 (max 8)
Something hits you but does no damage. Something hits you.
Damage: 4 (max 4)
You open the door. Something hits you!
* * * LOW HITPOINT WARNING * * *
Damage: 8 (max 8)
You hit something but do no damage. Something hits you but does no damage.
Casting: Pain
Confirm with . or Enter, or press ? or * to list all spells.
You don't know that spell.
Sorry, you're not good enough to have a special ability.
Unknown command.
Okay, then.
Something hits you.
* * * LOW HITPOINT WARNING * * *
Something hits you!
* * * LOW HITPOINT WARNING * * *
There is an open door, spattered with blood here.
Damage: 15 (max 15)
Okay, then.
Okay, then.
You hit something but do no damage. Something hits you!
You die...

#...# #...# #...#
#...# #...# #
#...# # #. #...#
....#.#...########
..........@.......
.....#....###...#.
##.. #....# .# #
#..### ##.# #..
##. .


There were no monsters in sight!

Vanquished Creatures
  3 worms (D:2)
  5 dart slugs (D:3)
  4 giant geckos
  A ball python (D:1)
  4 bats
  3 giant cockroaches
  12 goblins
  6 hobgoblins
  4 jackals (D:1)
  5 kobolds
  A quokka (D:2)
  7 giant newts
  5 rats
60 creatures vanquished.

Vanquished Creatures (others)
  A dart slug (D:3)
  A giant newt (D:3)
2 creatures vanquished.

Grand Total: 62 creatures vanquished

Notes
Turn   | Place    | Note
-------+----------+-------------------------------------------
     0 | D:1      | Gorice the Demonspawn Necromancer began the quest for the Orb.
     0 | D:1      | Reached XP level 1. HP: 13/13 MP: 3/3
    85 | D:1      | Reached skill level 1 in Fighting
   137 | D:1      | Gained mutation: You are partially covered in rugged brown scales. (AC +1, +3% HP) [demonic ancestry]
   137 | D:1      | Reached XP level 2. HP: 9/21 MP: 0/5
   137 | D:1      | HP: 6/21 [jackal (3)]
   488 | D:1      | Reached skill level 2 in Fighting
   755 | D:1      | Gained mutation: You have sharp toenails. [demonic ancestry]
   755 | D:1      | Reached XP level 3. HP: 21/28 MP: 1/6
  1324 | D:2      | Reached skill level 3 in Fighting
  1581 | D:2      | Reached skill level 1 in Armour
  2136 | D:3      | Reached XP level 4. HP: 35/36 MP: 4/7
  2592 | D:3      | Found a radiant altar of Vehumet.
  2624 | D:3      | You fall through a shaft for 3 floors!
  2659 | D:6      | HP: 1/36 [something (10)]
  2660 | D:6      | Mangled by an unseen horror

Vault maps used:
D:1:      lemuel_arrival_cross, minmay_misc_feat_four_crosses
D:2:      kennysheep_generic_room_14
D:3:      kennysheep_slugbush, fiery_altar_vehumet
D:6:      hangedman_cross_stitches, minmay_checkerbox

Skill      XL: |  1  2  3 |
---------------+----------+-----
Fighting       | 1 2 3 |  3.5
Armour         | 1 |  1.2
Dodging        | |  1.7
Stealth        | |  1.7
Spellcasting   | |  2.0
Necromancy     | |  4.4

Action                   |  1- 3 |  4- 6 || total
-------------------------+-------+-------++-------
Melee: Whip              |    41 |       ||    41
       Spear             |    34 |     8 ||    42
       Kick              |     3 |       ||     3
 Cast: Pain              |    79 |    27 ||   106
  Use: Scroll            |     4 |     1 ||     5
  Eat: Chunk             |     5 |     2 ||     7
Armor: Robe              |    16 |       ||    16
       Ring mail         |    11 |     4 ||    15
Dodge: Dodged            |    56 |     8 ||    64

Table legend:
 A = Turns spent in this place as a percentage of turns spent in the entire game.
 B = Non-inter-level travel turns spent in this place as a percentage of non-inter-level travel turns spent in the entire game.
 C = Inter-level travel turns spent in this place as a percentage of turns spent in this place.
 D = Turns resting spent in this place as a percentage of non-inter-level travel turns spent in this place.
 E = Turns spent auto-exploring this place as a percentage of non-inter-level travel turns spent in this place.
 F = Non-inter-level travel turns spent in this place divided by the number of levels of this place that you've seen.
                   A       B       C       D       E      F
               +-------+-------+-------+-------+-------+----------------------
         Total | 100.0 | 100.0 |   0.3 |   4.5 |   6.3 | 223.5
       Dungeon | 100.0 | 100.0 |   0.3 |   4.5 |   6.3 | 223.5
               +-------+-------+-------+-------+-------+----------------------

Vault maps used:
D:1:      lemuel_arrival_cross, minmay_misc_feat_four_crosses
D:2:      kennysheep_generic_room_14
D:3:      kennysheep_slugbush, fiery_altar_vehumet
D:6:      hangedman_cross_stitches, minmay_checkerbox
